AoeStats
← Franghis Khan

Black Forest

510042220Analyzed
4v4 RM · 4d ago on Sep 29, 2026· 45m 15s· 8 players
Game mode
Random Map
Map size
Large (8 player)
Population
200
Speed
Normal
Resources
Standard
Victory
Conquest
Starting age
Dark Age
Ending age
Imperial Age
RankedLock teamsTeams togetherTeam positionsShared explorationLock speedFull tech treeHidden civsTurbo modeCheats
Victory
Defeat
🇨🇳 Hindustanis · China
947
+10
🇺🇸 Dravidians · United States
928
+11
🇨🇳 Burgundians · China
902
+12
🇫🇷 Britons · France
769
+16
🇲🇽 Berbers · Mexico
823
-13
🇷🇺 Khmer · Russia
802
-12
🇺🇸 Mongols · United States
792
-12
🇦🇷 Huns · Argentina
789
-12
ElBlack
0:29 Loom
17:07 Feudal Age
23:49 Castle Age
24:08 Double-Bit Axe
25:01 Pikeman
25:39 Fletching
25:49 Padded Archer Armor
26:04 Squires
29:09 Bodkin Arrow
34:06 Ballistics
34:20 Leather Archer Armor
38:49 Scale Barding Armor
42:06 Imperial Age
41:14 Husbandry
42:28 Heavy Camel Rider
thongvipusa1
0:38 Loom
12:46 Feudal Age
14:15 Wheelbarrow
14:23 Double-Bit Axe
14:20 Horse Collar
19:43 Castle Age
17:38 Gold Mining
17:44 Stone Mining
18:27 Padded Archer Armor
18:17 Fletching
26:05 Heavy Plow
28:30 Hand Cart
33:29 Gold Shaft Mining
34:33 Stone Shaft Mining
37:52 Imperial Age
35:10 Town Watch
36:30 Leather Archer Armor
36:10 Bodkin Arrow
41:53 Onager
43:00 Bracer
Franghis Khan
12:53 Feudal Age
11:55 Loom
15:43 Double-Bit Axe
18:37 Castle Age
18:02 Horse Collar
18:20 Stone Mining
19:33 Bloodlines
19:32 Husbandry
22:36 Squires
22:56 Forging
25:33 Wheelbarrow
25:38 Squires
25:01 Pikeman
28:02 Scale Mail Armor
30:21 Marauders
34:03 Iron Casting
33:43 Chain Mail Armor
33:36 Scale Barding Armor
40:18 Imperial Age
38:06 Chain Mail Armor
39:46 Chain Barding Armor
39:18 Fletching
39:28 Padded Archer Armor
42:49 Blast Furnace
41:49 Elite Skirmisher
shprot
10:41 Feudal Age
13:12 Double-Bit Axe
18:54 Castle Age
20:43 Wheelbarrow
21:17 Bow Saw
22:02 Loom
24:07 Horse Collar
28:07 Hand Cart
34:30 Imperial Age
37:20 Double Crossbow
37:27 Heavy Plow
38:16 Tusk Swords
39:15 Conscription
39:31 Scale Barding Armor
39:37 Forging
40:37 Elite Ballista Elephant
S1lv3r81
10:42 Feudal Age
15:26 Castle Age
13:13 Loom
13:46 Double-Bit Axe
14:06 Horse Collar
17:09 Wheelbarrow
16:48 Bow Saw
16:35 Gold Mining
20:37 Town Watch
21:10 Stone Mining
22:59 Heavy Plow
28:33 Imperial Age
27:33 Thumb Ring
27:53 Ballistics
28:18 Hand Cart
27:59 Fletching
28:37 Padded Archer Armor
30:24 Two-Man Saw
30:31 Medical Corps
30:47 Conscription
31:21 Elite Elephant Archer
31:58 Bodkin Arrow
32:19 Leather Archer Armor
33:03 Bracer
34:17 Chemistry
34:30 Hoardings
34:47 Murder Holes
36:27 Ring Archer Armor
Nostro
14:35 Feudal Age
15:15 Loom
20:02 Castle Age
18:21 Double-Bit Axe
19:29 Horse Collar
19:42 Stone Mining
30:37 Heavy Plow
30:48 Bow Saw
32:06 Caravan
33:36 Wheelbarrow
32:48 Town Watch
33:00 Fletching
33:11 Padded Archer Armor
33:34 Ballistics
33:32 Town Patrol
33:45 Bodkin Arrow
38:58 Imperial Age
36:32 Gold Mining
38:10 Yeomen
38:08 Leather Archer Armor
38:43 Hand Cart
39:21 Elite Longbowman
40:54 Conscription
42:53 Bracer
43:24 Ring Archer Armor
43:58 Chemistry
hayate kokoa
0:31 Loom
13:15 Feudal Age
15:06 Double-Bit Axe
19:20 Castle Age
17:57 Horse Collar
25:42 Heavy Plow
27:40 Gold Mining
27:52 Stone Mining
34:09 Imperial Age
32:31 Wheelbarrow
31:41 Town Watch
32:16 Husbandry
31:36 Cavalier
34:36 Hand Cart
34:37 Bow Saw
35:06 Stone Shaft Mining
35:11 Gold Shaft Mining
34:16 Paladin
34:17 Light Cavalry
35:30 Burgundian Vineyards
35:47 Conscription
36:11 Forging
36:06 Scale Barding Armor
38:15 Chemistry
36:56 Treadmill Crane
37:27 Fortified Wall
38:47 Elite Skirmisher
41:07 Guilds
41:45 Caravan
41:51 Hussar
43:16 Padded Archer Armor
43:53 Iron Casting
人在阵地在
7:21 Loom
14:05 Feudal Age
18:54 Castle Age
17:55 Scale Barding Armor
18:04 Bloodlines
18:08 Forging
18:08 Double-Bit Axe
19:55 Stone Mining
19:56 Gold Mining
19:52 Horse Collar
26:40 Chain Barding Armor
34:41 Imperial Age
33:31 Iron Casting
32:59 Husbandry
33:55 Gold Shaft Mining
36:43 Chemistry
35:05 Heavy Camel Rider
37:37 Stone Shaft Mining
38:11 Caravan
40:07 Imperial Camel Rider
42:17 Plate Barding Armor
43:39 Blast Furnace
45:08 Wheelbarrow
44:35 Heavy Plow
Connection lost

Rejoining the realm…

Still unreachable

The connection could not be restored.

Session expired

The server has moved on; the page needs a fresh start.